 Dungeon Crawl Stone Soup version 0.29.0-4-gdea44cf6ec (webtiles) character file.

Game seed: 6380298067094385756

29 qw the Sneak (level 3, 0/23 HPs)
             Began as a Gargoyle Delver on Sept 10, 2022.
             Slain by a gnoll
             ... wielding a +0 spear
              (8 damage)
             ... on level 5 of the Dungeon.
             The game lasted 00:00:03 (264 turns).

qw the Sneak (Gargoyle Delver)                       Turns: 264, Time: 00:00:04

Health: 0/23       AC:  6    Str: 17    XL:     3   Next: 16%
Magic:  3/3        EV: 11    Int: 10    God:
Gold:   3          SH:  0    Dex: 11    Spells: 2/2 levels left

rFire   . . .      SeeInvis .   a - +0 hand axe
rCold   . . .      Faith    .   (no shield)
rNeg    + . .      Spirit   .   b - +0 leather armour
rPois   inf        Reflect  .   (no helmet)
rElec   +          Harm     .   (no cloak)
rCorr   .          Rampage  .   (no gloves)
Will    .....                   (no boots)
Stlth   +++.......              (no amulet)
HPRegen 0.07/turn               (no ring)
MPRegen 0.08/turn               (no ring)

@: no status effects
A: sickness immunity, AC +3, negative energy resistance 1, electricity
resistance, torment resistance 1, petrification resistance
a: no special abilities


You were on level 5 of the Dungeon.
You visited 1 branch of the dungeon, and saw 1 of its levels.

You collected 3 gold pieces.


Innate Abilities, Weirdness & Mutations

You are immune to sickness and miasma.
Your stone body is resilient. (AC +3)
You are immune to poison.
You resist negative energy. (rN+)
You are resistant to electric shocks. (rElec)
You are resistant to unholy torment.
You are immune to petrification.


   Skills:
 - Level 3.2 Fighting
 + Level 3.2 Axes
 - Level 1.5 Dodging
 - Level 5.4 Stealth


You had 2 spell levels left.
You didn't know any spells.
Your spell library was empty.

Inventory:

Hand Weapons
 a - a +0 hand axe (weapon)
Armour
 b - a +0 leather armour (worn)
Wands
 g - a wand of digging (3)
Scrolls
 c - a scroll of fog
 d - a scroll of magic mapping
 e - a scroll of fear
Potions
 f - a potion of haste

Dungeon Overview and Level Annotations

Branches:
Dungeon (5/15)
 Temple: D:4-7

Altars:


Message History

There is an open door here.
Found a robe.
Enter note: A necrophage comes into view.
Enter note:
Enter note:
238 ||| Stepping ~*~*~tactically~*~*~ (stealth).
239 ||| Stepping ~*~*~tactically~*~*~ (stealth).
240 ||| Stepping ~*~*~tactically~*~*~ (stealth).
242 ||| Stepping ~*~*~tactically~*~*~ (stealth).
Found a stone staircase leading down.
A worm and a gnoll come into view.
Found a stone staircase leading down.
A gnoll comes into view. It is wielding a +0 halberd.
There is an open door here.
251 ||| Stepping ~*~*~tactically~*~*~ (stealth).
The gnoll shouts!
A worm and a gnoll come into view.
There is an open door here.
258 ||| Stepping ~*~*~tactically~*~*~ (hiding).
You start waiting.
A gnoll is nearby!
You hit the gnoll.
The gnoll is moderately wounded.
The gnoll hits you with a +0 whip.
You hit the gnoll but do no damage.
The gnoll is moderately wounded.
The gnoll hits you with a +0 whip. The gnoll misses you.
You completely miss the gnoll.
The gnoll is moderately wounded.
The gnoll misses you.
You hit the gnoll.
The gnoll is moderately wounded.
The gnoll hits you from afar with a +0 spear.
The gnoll closely misses you.
You hit the gnoll but do no damage.
The gnoll is moderately wounded.
The gnoll hits you with a +0 whip.
The gnoll hits you from afar with a +0 spear!
You die...

..#####..#....##.....#
.........#...........#
...g..>.....#....##.....#
............#....##.....#
#.w.. ###'##....##......
##..g.##...##....##.....#
#......#................#
#.....g#.........##.....#
#......#@........##......
'.....gg..........#.....~
###...##...#####'##.....~
#.. #...# ..##.....~ ...
.>..... ..#....... ...
...........#....... ..
...........# . ##...###..
#...# ##


You could see 2 gnolls.

Vanquished Creatures
  A hound (D:5)
1 creature vanquished.

Notes
Turn   | Place    | Note
-------+----------+-------------------------------------------
     0 | D:5      | qw the Gargoyle Delver began the quest for the Orb.
     0 | D:5      | Reached XP level 1. HP: 14/14 MP: 1/1
     0 | D:5      | 0 ||| qw: Version: 0.1-a-116-g5d60599
     0 | D:5      | 0 ||| qw: Game counter: 8760
     0 | D:5      | 0 ||| qw: Always use a shield: true
     0 | D:5      | 0 ||| qw: God list: Okawaru
     0 | D:5      | 0 ||| qw: Allow faded altars: false
     0 | D:5      | 0 ||| qw: Do Orc after D:15 true
     0 | D:5      | 0 ||| qw: Do second Lair branch before Depths: true
     0 | D:5      | 0 ||| qw: Lair rune preference: random
     0 | D:5      | 0 ||| qw: Plans: Normal
     0 | D:5      | 0 ||| PLANNING D:1-11
    21 | D:5      | Noticed a hound
    32 | D:5      | Killed a hound
    33 | D:5      | Reached skill level 3 in Axes
    33 | D:5      | Reached XP level 2. HP: 10/19 MP: 2/2
    33 | D:5      | Reached XP level 3. HP: 12/23 MP: 3/3
   237 | D:5      | Noticed a necrophage
   238 | D:5      | 238 ||| Stepping ~*~*~tactically~*~*~ (stealth).
   239 | D:5      | 239 ||| Stepping ~*~*~tactically~*~*~ (stealth).
   240 | D:5      | 240 ||| Stepping ~*~*~tactically~*~*~ (stealth).
   242 | D:5      | 242 ||| Stepping ~*~*~tactically~*~*~ (stealth).
   251 | D:5      | 251 ||| Stepping ~*~*~tactically~*~*~ (stealth).
   258 | D:5      | 258 ||| Stepping ~*~*~tactically~*~*~ (hiding).
   264 | D:5      | Slain by a gnoll

Levels and vault maps discovered:
D:5:      layout_gridville, minmay_misc_feat_rows,
          corexii_item_surrounded_by_moat

Skill      XL: |  1 |
---------------+----+-----
Axes           | 3 |  3.2
Fighting       | |  3.2
Dodging        | |  1.5
Stealth        | |  5.4

Action                   || total
-------------------------++-------
Melee: Hand axe          ||    13
Armor: Leather armour    ||     5
Dodge: Dodged            ||     6

Table legend:
 A = Non-vault XP
 B = Vault XP
 C = Vault XP percentage of total XP
 D = Non-vault monster count
 E = Vault monster count
 F = Vault count percentage of total count
                 A         B        C        D         E       F
            +---------+---------+-------+---------+---------+-------
      Total |      42 |       0 |   0.0 |       1 |       0 |   0.0
            +---------+---------+-------+---------+---------+-------
        D:5 |      42 |       0 |   0.0 |       1 |       0 |   0.0
            +---------+---------+-------+---------+---------+-------
